 Dungeon Crawl Stone Soup version 0.18-a0-1273-g8ec5f8e (webtiles) character file.

37 dvd the Firebug (level 3, -2/19 HPs)
             Began as a Deep Elf Fire Elementalist on Feb 7, 2016.
             Slain by namelastname112's ghost (10 damage)
             ... on level 3 of the Dungeon.
             The game lasted 00:03:42 (1668 turns).

dvd the Firebug (Deep Elf Fire Elementalist)        Turns: 1668, Time: 00:03:42

Health: -2/19      AC:  2    Str:  5    XL:     3   Next: 21%
Magic:  1/9        EV:  8    Int: 20    God:
Gold:   65         SH:  0    Dex: 15    Spells: 2 memorised, 5 levels left

rFire  . . .     SeeInvis .     (no weapon)
rCold  . . .     Gourm    .     a - +0 robe
rNeg   . . .     Faith    .     (no shield)
rPois  .         Spirit   .     (no helmet)
rElec  .         Dismiss  .     (no cloak)
rCorr  +         Reflect  .     (no gloves)
SustAt .         Harm     .     (no boots)
MR     .....                    (no amulet)
Stlth  ++........               (no ring)
                                q - ring of resist corrosion

@: very slightly contaminated, not resistant to hostile enchantments, unstealthy
A: no striking features
a: no special abilities


You were on level 3 of the Dungeon.
You were not hungry.

You visited 1 branch of the dungeon, and saw 3 of its levels.

You collected 65 gold pieces.

Inventory:

Armour
 a - a +0 robe (worn)
Jewellery
 q - a ring of resist corrosion (left hand)
Scrolls
 d - 3 scrolls of recharging {unknown}
 f - 4 scrolls of identify {unknown}
 g - a scroll of teleportation {unknown}
 k - a scroll of random uselessness {unknown}
 l - 3 scrolls of blinking {unknown}
 n - a scroll of enchant weapon {unknown}
 t - a scroll of enchant armour {unknown}
Potions
 e - a potion of mutation {unknown}
 h - 2 potions of resistance {unknown}
 i - 2 potions of berserk rage {unknown}
 j - a potion of beneficial mutation {unknown}
 m - a potion of curing {unknown}
 p - a potion of haste {unknown}
 r - a potion of invisibility {unknown}
 s - 2 potions of brilliance {unknown}
Books
 b - a book of Flames

   Spells                             Type                      Level
   a - Flame Tongue                   Conjuration/Fire             1
   b - Throw Flame                    Conjuration/Fire             2
   c - Conjure Flame                  Conjuration/Fire             3
   d - Inner Flame                    Hexes/Fire                   3
   e - Sticky Flame                   Conjuration/Fire             4
   f - Fireball                       Conjuration/Fire             5
Comestibles
 c - 2 bread rations
 o - a chunk of flesh


   Skills:
 + Level 2.8 Dodging
 + Level 2.6 Stealth
 + Level 3.3 Spellcasting
 + Level 1.9 Conjurations
 + Level 4.0 Fire Magic


You had 5 spell levels left.
You knew the following spells:

 Your Spells              Type           Power        Failure   Level  Hunger
a - Flame Tongue          Conj/Fire      ###..        4%          1    None
b - Throw Flame           Conj/Fire      ###...       10%         2    ##.....


Dungeon Overview and Level Annotations

Branches:
Dungeon (3/15)

Altars:

Annotations:
D:3 namelastname112's ghost, amateur DrHu


Message History

Namelastname112's ghost hits you but does no damage.
Casting: Flame Tongue
Confirm with . or Enter, or press ? or * to list all spells.
Aiming: Flame Tongue
Press: ? - help, Shift-Dir - straight line, f/p - namelastname112's ghost
Aim: namelastname112's ghost (heavily damaged)
The flame tongue hits namelastname112's ghost.
Namelastname112's ghost appears unharmed.
Namelastname112's ghost is heavily damaged.
Namelastname112's ghost closely misses you.
Casting: Flame Tongue
Confirm with . or Enter, or press ? or * to list all spells.
Aiming: Flame Tongue
Press: ? - help, Shift-Dir - straight line, f/p - namelastname112's ghost
Aim: namelastname112's ghost (heavily damaged)
The flame tongue misses namelastname112's ghost.
Namelastname112's ghost hits you. Namelastname112's ghost hits you!
Ouch! That really hurt!
You die...

##########
#....W@..#
#......#.#
#......# #
#.####.# #
#.# ..#
###


You could see namelastname112's ghost.

Vanquished Creatures
  3 oozes
  A giant gecko (D:2)
  6 bats
  2 giant cockroaches (D:2)
  2 goblins (D:1)
  2 hobgoblins
  A kobold (D:1)
  3 giant newts
  3 rats
23 creatures vanquished.

Notes
Turn   | Place    | Note
--------------------------------------------------------------
     0 | D:1      | dvd the Deep Elf Fire Elementalist began the quest for the Orb.
     0 | D:1      | Reached XP level 1. HP: 10/10 MP: 6/6
   650 | D:1      | Reached XP level 2. HP: 15/15 MP: 6/8
   672 | D:1      | Learned a level 2 spell: Throw Flame
  1323 | D:2      | Reached skill level 4 in Fire Magic
  1323 | D:2      | Reached XP level 3. HP: 19/19 MP: 3/9
  1656 | D:3      | Noticed namelastname112's ghost (amateur DrHu)
  1668 | D:3      | Slain by namelastname112's ghost

Vault maps used:
D:1:      lightli_arrival_chessboard
D:2:      first_bread
D:3:      ecumenical_altar_2, tgw_sif

Action                   || total
-------------------------++-------
 Cast: Flame Tongue      ||    47
       Throw Flame       ||     2
  Eat: Chunk             ||     2
